Little Stars vs Wolves
Created - 1 février 2014 at 19:17
Goals
|
| Little Stars |
0 |
2 |
2 |
1 |
5 |
| Wolves |
0 |
3 |
1 |
0 |
4 |
|
Shots
|
| Little Stars |
9 |
17 |
9 |
6 |
41 |
| Wolves |
5 |
16 |
6 |
0 |
27 |
|
1st period
No Goal
Penalties :
Matt Gilroy (Min) for Holding (Minor) at 1:20, Evgeny Artyukhin (Tex) for Holding (Minor) at 9:46
2nd period
1. Wolves , Mike Zigomanis 27 (Chris Neil) at 1:24
2. Wolves , Cody McLeod 14 (Mike Zigomanis) at 1:34
3. Little Stars , T.J. Oshie 16 (Boris Valabik, Patrick O'Sullivan) at 11:08
4. Wolves , Cody McLeod 15 (Mike Zigomanis, Chris Neil) at 12:15
5. Little Stars , Cody Bass 6 (T.J. Oshie, Pierre Dagenais) at 16:12
Penalties :
Chris Neil (Min) for Tripping (Minor) at 14:01
3rd period
6. Little Stars , Pierre Dagenais 24 (Darren Helm) at 3:18 (PP)
7. Little Stars , Evgeny Artyukhin 33 (Greg Stewart, Boris Valabik) at 4:53
8. Wolves , Mike Zigomanis 28 (Chris Neil) at 10:14 (PP)
Penalties :
T.J. Oshie (Tex) for Interference (Minor) at 0:48, Chris Terry (Min) for Hooking (Minor) at 3:17, Hunter Tremblay (Min) for Roughing (Minor) at 6:51, Pierre Dagenais (Tex) for Slashing (Minor) at 10:00, Patrick O'Sullivan (Tex) for Interference (Minor) at 10:22, Nate Guenin (Min) for High sticking (Minor) at 13:43
Overtime #1
9. Little Stars , Greg Stewart 26 (Cameron Schilling, Evgeny Artyukhin) at 1:57
Penalties :
No Penalty
Goalie Stats
Justin Pogge (Tex), 23 saves from 27 shots - (0,852), W, 6-8-1, 61:57 minutes
Jamie Storr (Min), 36 saves from 41 shots - (0,878), OTL, 15-17-3, 61:57 minutes
Players Stats for Little Stars
Player Name G A P +/- PIM S H SB GA TA FO MP PP MP PK MP
------------------------------------------------------------------------------------
Alexander Vasyunov 0 0 0 0 0 0 0 0 0 0 0/0 0:00 0:00 0:00
Boris Valabik 0 2 2 0 0 2 1 1 1 0 0/0 25:23 5:17 3:15
Cameron Schilling 0 1 1 0 0 1 3 0 0 1 0/0 21:14 2:40 2:56
Cody Bass 1 0 1 2 0 2 0 0 0 0 0/0 10:32 0:00 1:07
Corey Trivino 0 0 0 0 0 0 0 0 0 0 0/0 0:00 0:00 0:00
Darren Helm 0 1 1 0 0 1 0 2 0 0 7/16 16:03 3:14 0:00
Evgeny Artyukhin 1 1 2 -1 2 5 3 1 0 3 5/6 23:43 4:32 2:28
Greg Stewart 1 1 2 -1 0 6 1 0 0 0 2/3 24:28 4:32 3:25
Hugh Jessiman 0 0 0 0 0 2 0 0 0 0 0/0 7:23 0:00 0:00
Ivan Majesky 0 0 0 -1 0 1 3 0 1 1 0/0 28:52 5:17 3:15
Jared Spurgeon 0 0 0 0 0 2 1 1 0 0 0/0 21:14 2:40 2:56
Jim O'Brien 0 0 0 0 0 0 0 0 0 0 0/0 0:00 0:00 0:00
Jimmy Hayes 0 0 0 0 0 0 0 0 0 0 0/0 0:00 0:00 0:00
Jonathan Blum 0 0 0 1 0 1 0 0 0 0 0/0 10:30 0:00 0:00
Marco Sturm 0 0 0 0 0 2 4 2 0 0 0/0 16:17 3:25 0:00
Matt Halischuk 0 0 0 0 0 0 0 0 0 0 0/0 0:00 0:00 0:00
Matt Pelech 0 0 0 1 0 0 2 0 0 1 0/0 10:30 0:00 0:00
Oskar Osala 0 0 0 0 0 4 1 1 0 0 0/2 9:31 0:00 1:41
Patrick O'Sullivan 0 1 1 -2 2 5 3 0 0 0 4/27 21:34 4:32 0:55
Paul Postma 0 0 0 1 0 0 0 0 0 0 0/0 6:11 0:00 0:00
Pierre Dagenais 1 1 2 0 2 2 0 1 1 0 0/0 18:44 3:25 1:35
Shawn Thornton 0 0 0 2 0 0 0 0 0 0 0/0 11:21 0:00 1:11
T.J. Oshie 1 1 2 2 2 5 0 0 1 1 1/1 10:40 0:11 0:00
Troy Bodie 0 0 0 0 0 0 0 0 0 0 0/0 0:00 0:00 0:00
Tyler Haskins 0 0 0 0 0 0 1 0 0 0 2/2 7:23 0:00 0:00
Players Stats for Wolves
Player Name G A P +/- PIM S H SB GA TA FO MP PP MP PK MP
------------------------------------------------------------------------------------
Alexander Perezhogin 0 0 0 -1 0 3 1 0 2 0 0/1 17:56 3:05 0:00
Bruno Gervais 0 0 0 -2 0 0 3 0 1 0 0/0 23:47 3:45 2:53
Chris Neil 0 3 3 1 2 0 3 0 0 1 1/1 19:29 3:06 0:41
Chris Terry 0 0 0 -1 2 0 1 0 0 0 0/0 10:47 0:00 0:00
Cody McLeod 2 0 2 3 0 5 0 0 1 0 3/3 20:38 3:02 2:24
Dan Fritsche 0 0 0 0 0 0 0 1 0 0 0/0 2:27 0:00 1:00
Hunter Tremblay 0 0 0 0 2 0 0 0 0 0 1/1 8:08 0:00 0:00
Jonas Junland 0 0 0 -1 0 2 2 0 1 0 0/0 16:13 2:26 0:26
Logan MacMillan 0 0 0 -2 0 1 1 0 0 0 0/1 12:36 0:03 0:20
Marc Methot 0 0 0 -2 0 0 0 1 0 0 0/0 18:37 1:02 3:39
Matt Gilroy 0 0 0 -2 2 1 2 0 0 0 0/0 15:06 2:22 1:13
Mike Zigomanis 2 2 4 2 0 2 3 0 1 1 20/31 25:21 3:06 4:34
Milan Bartovic 0 0 0 -1 0 1 3 1 0 1 2/2 15:16 0:00 4:32
Nate Guenin 0 0 0 2 2 3 4 0 0 0 0/0 26:12 2:47 3:05
Petr Kalus 0 0 0 0 0 1 1 0 0 0 2/2 13:36 0:00 2:03
Rich Peverley 0 0 0 -3 0 5 1 0 0 0 7/15 19:08 3:05 0:20
Tim Crowder 0 0 0 0 0 3 0 0 1 0 0/0 10:41 3:06 0:00
Willie Mitchell 0 0 0 3 0 0 0 3 0 1 0/0 23:48 0:00 4:38
3 Stars
1 - Mike Zigomanis (Min)
2 - Cody McLeod (Min)
3 - Chris Neil (Min)
Power Play
Little Stars - 1 on 5 Attempt(s) - 20,00%
Wolves - 1 on 4 Attempt(s) - 25,00%
Penalty Kill
Little Stars - 3 on 4 Attempt(s) - 75,00%
- Score 0 goal in Penalty Kill
Wolves - 4 on 5 Attempt(s) - 80,00%
- Score 0 goal in Penalty Kill
Official
Referees : Marouelli Dan and Martell Rob
Linesman : Greg Devorski and Pierre Racicot
Game Notes
Dan Fritsche is injured at 9:15 of 1st period (Left Foot)
4:53 of 3rd period - Little Stars goal is going for a video replay. After video review, Goal.
Matt Gilroy is injured at 7:42 of 3rd period (Right Leg)
Finance
Level 1 -- Attendance: 1529 (76,45%) -- Ticket Income 53 515 $
Level 2 -- Attendance: 715 (71,50%) -- Ticket Income 10 725 $
Total Attendance: 2244 (74,80%)
Total Ticket Income: 64 240 $
Other Income: 3 212 $
Total Income: 67 452 $
Little Stars
5 vs 5 Forward
Center Left Wing Right Wing Time % Phy DF OF
1 Patrick O'Sullivan Greg Stewart Evgeny Artyukhin 40 1 2 2
2 Darren Helm Marco Sturm Pierre Dagenais 30 1 2 2
3 Cody Bass Shawn Thornton T.J. Oshie 20 1 2 2
4 Tyler Haskins Oskar Osala Hugh Jessiman 10 1 2 2
5 vs 5 Defense
Defense Defense Time % Phy DF OF
1 Ivan Majesky Boris Valabik 40 1 2 2
2 Jared Spurgeon Cameron Schilling 30 1 2 2
3 Matt Pelech Jonathan Blum 20 1 2 2
4 Paul Postma Ivan Majesky 10 1 2 2
PowerPlay Forward
Center Left Wing Right Wing Time % Phy DF OF
1 Patrick O'Sullivan Greg Stewart Evgeny Artyukhin 60 1 2 2
2 Darren Helm Marco Sturm Pierre Dagenais 40 1 2 2
PowerPlay Defense
Defense Defense Time % Phy DF OF
1 Ivan Majesky Boris Valabik 60 1 2 2
2 Jared Spurgeon Cameron Schilling 40 1 2 2
Penalty Kill 4 Players Forward
Center Wing Time % Phy DF OF
1 Evgeny Artyukhin Greg Stewart 60 1 2 2
2 Patrick O'Sullivan Pierre Dagenais 40 1 2 2
Penalty Kill 4 Players Defense
Defense Defense Time % Phy DF OF
1 Ivan Majesky Boris Valabik 60 1 2 2
2 Jared Spurgeon Cameron Schilling 40 1 2 2
Penalty Kill - 3 Players Forward
Forward Time % Phy DF OF
1 Evgeny Artyukhin 60 1 2 2
2 Greg Stewart 40 1 2 2
Penalty Kill - 3 Players Defense
Defense Defense Time % Phy DF OF
1 Ivan Majesky Boris Valabik 60 1 2 2
2 Jared Spurgeon Cameron Schilling 40 1 2 2
4 vs 4 Forward
Center Wing Time % Phy DF OF
1 Evgeny Artyukhin Greg Stewart 60 1 2 2
2 Patrick O'Sullivan Pierre Dagenais 40 1 2 2
4 vs 4 Defense
Defense Defense Time % Phy DF OF
1 Ivan Majesky Boris Valabik 60 1 2 2
2 Jared Spurgeon Cameron Schilling 40 1 2 2
Last Minutes Offensive
Center Left Wing Right Wing Defense Defense
Patrick O'Sullivan Greg Stewart Evgeny Artyukhin Ivan Majesky Boris Valabik
Last Minutes Defensive
Center Left Wing Right Wing Defense Defense
Patrick O'Sullivan Greg Stewart Evgeny Artyukhin Ivan Majesky Boris Valabik
Goaltenders
Starting : Justin Pogge
Backup : Ben Scrivens
Extra Forwards
Normal : T.J. Oshie, Shawn Thornton, Oskar Osala - PP : T.J. Oshie, Shawn Thornton - PK : Oskar Osala
Extra Defensemen
Normal : Matt Pelech, Jonathan Blum, Paul Postma - PP : Matt Pelech - PK : Jonathan Blum, Paul Postma
Penalty Shots
Evgeny Artyukhin, Greg Stewart, Patrick O'Sullivan, Pierre Dagenais, Marco Sturm
Wolves
5 vs 5 Forward
Center Left Wing Right Wing Time % Phy DF OF
1 Mike Zigomanis Cody McLeod Chris Neil 40 0 1 4
2 Rich Peverley Logan MacMillan Alexander Perezhogin 30 1 0 4
3 Dan Fritsche Chris Terry Milan Bartovic 20 1 1 3
4 Petr Kalus Hunter Tremblay Tim Crowder 10 2 1 2
5 vs 5 Defense
Defense Defense Time % Phy DF OF
1 Willie Mitchell Nate Guenin 40 1 3 1
2 Bruno Gervais Matt Gilroy 30 1 3 1
3 Marc Methot Jonas Junland 20 1 3 1
4 Willie Mitchell Nate Guenin 10 1 3 1
PowerPlay Forward
Center Left Wing Right Wing Time % Phy DF OF
1 Rich Peverley Cody McLeod Alexander Perezhogin 60 0 0 5
2 Mike Zigomanis Tim Crowder Chris Neil 40 0 0 5
PowerPlay Defense
Defense Defense Time % Phy DF OF
1 Matt Gilroy Bruno Gervais 60 0 2 3
2 Nate Guenin Jonas Junland 40 0 2 3
Penalty Kill 4 Players Forward
Center Wing Time % Phy DF OF
1 Dan Fritsche Milan Bartovic 60 1 3 1
2 Mike Zigomanis Chris Neil 40 1 3 1
Penalty Kill 4 Players Defense
Defense Defense Time % Phy DF OF
1 Willie Mitchell Nate Guenin 60 2 3 0
2 Marc Methot Matt Gilroy 40 2 3 0
Penalty Kill - 3 Players Forward
Forward Time % Phy DF OF
1 Dan Fritsche 60 1 4 0
2 Milan Bartovic 40 1 4 0
Penalty Kill - 3 Players Defense
Defense Defense Time % Phy DF OF
1 Willie Mitchell Nate Guenin 60 2 3 0
2 Bruno Gervais Matt Gilroy 40 2 3 0
4 vs 4 Forward
Center Wing Time % Phy DF OF
1 Rich Peverley Alexander Perezhogin 60 1 1 3
2 Mike Zigomanis Chris Neil 40 1 1 3
4 vs 4 Defense
Defense Defense Time % Phy DF OF
1 Bruno Gervais Nate Guenin 60 1 3 1
2 Jonas Junland Matt Gilroy 40 1 3 1
Last Minutes Offensive
Center Left Wing Right Wing Defense Defense
Rich Peverley Chris Neil Alexander Perezhogin Bruno Gervais Matt Gilroy
Last Minutes Defensive
Center Left Wing Right Wing Defense Defense
Dan Fritsche Mike Zigomanis Milan Bartovic Willie Mitchell Nate Guenin
Goaltenders
Starting : Jamie Storr
Backup : Loïc Lacasse
Extra Forwards
Normal : Rich Peverley, Alexander Perezhogin, Mike Zigomanis - PP : Rich Peverley, Alexander Perezhogin - PK : Dan Fritsche
Extra Defensemen
Normal : Willie Mitchell, Bruno Gervais, Marc Methot - PP : Bruno Gervais - PK : Willie Mitchell, Nate Guenin
Penalty Shots
Chris Neil, Alexander Perezhogin, Mike Zigomanis, Rich Peverley, Milan Bartovic
% Time on Ice - Little Stars
Lines # - Real PCT - Wanted PCT - Time Play
Normal Forward
1 - 33% - 40% - 15:21
2 - 30% - 30% - 13:47
3 - 20% - 20% - 9:21
4 - 16% - 10% - 7:23
Normal Defense
1 - 32% - 40% - 14:52
2 - 33% - 30% - 15:00
3 - 23% - 20% - 10:20
4 - 12% - 10% - 5:40
PP Forward
1 - 57% - 60% - 4:32
2 - 43% - 40% - 3:25
PP Defense
1 - 66% - 60% - 5:17
2 - 34% - 40% - 2:40
PK Forward
1 - 74% - 60% - 4:36
2 - 26% - 40% - 1:35
PK Defense
1 - 53% - 60% - 3:15
2 - 47% - 40% - 2:56
PK3 Forward
1 - 0% - 60%
2 - 0% - 40%
PK3 Defense
1 - 0% - 60%
2 - 0% - 40%
44 Forward
1 - 80% - 60% - 1:34
2 - 20% - 40% - 0:23
44 Defense
1 - 68% - 60% - 1:19
2 - 32% - 40% - 0:38
Last Minute Offensive - 0:00
Last Minute Defensive - 0:00
Total
Forward - 61:57
Defense - 61:57
|
% Time on Ice - Wolves
Lines # - Real PCT - Wanted PCT - Time Play
Normal Forward
1 - 35% - 40% - 16:05
2 - 26% - 30% - 11:42
3 - 23% - 20% - 10:44
4 - 16% - 10% - 7:21
Normal Defense
1 - 39% - 40% - 18:03
2 - 36% - 30% - 16:37
3 - 20% - 20% - 9:23
4 - 4% - 10% - 1:49
PP Forward
1 - 50% - 60% - 3:05
2 - 50% - 40% - 3:06
PP Defense
1 - 61% - 60% - 3:45
2 - 39% - 40% - 2:26
PK Forward
1 - 91% - 60% - 7:16
2 - 9% - 40% - 0:41
PK Defense
1 - 49% - 60% - 3:52
2 - 51% - 40% - 4:05
PK3 Forward
1 - 0% - 60%
2 - 0% - 40%
PK3 Defense
1 - 0% - 60%
2 - 0% - 40%
44 Forward
1 - 66% - 60% - 1:17
2 - 34% - 40% - 0:40
44 Defense
1 - 63% - 60% - 1:14
2 - 37% - 40% - 0:43
Last Minute Offensive - 0:00
Last Minute Defensive - 0:00
Total
Forward - 61:57
Defense - 61:57
|
Play by Play
1st period
0:01 of 1st period - Cody McLeod wins face-off versus Patrick O'Sullivan in neutral zone.
0:20 of 1st period - Greg Stewart is hit by Mike Zigomanis and loses puck.
0:35 of 1st period - Wrist shot by Alexander Perezhogin.
0:35 of 1st period - Stopped by Justin Pogge without a rebound.
0:36 of 1st period - Rich Peverley wins face-off versus Darren Helm in Little Stars zone.
1:20 of 1st period - Minor Penalty to Matt Gilroy for Holding.
1:21 of 1st period - Milan Bartovic wins face-off versus Patrick O'Sullivan in Wolves zone.
2:58 of 1st period - Marc Methot is hit by Greg Stewart and loses puck.
3:20 of 1st period - Penalty to Matt Gilroy is over, Matt Gilroy is back on ice.
4:05 of 1st period - Snap shot by Tim Crowder.
4:05 of 1st period - Shot Misses the Net.
4:17 of 1st period - Snap shot by Tim Crowder.
4:17 of 1st period - Shot Misses the Net.
4:29 of 1st period - Wrist shot by Rich Peverley.
4:29 of 1st period - Stopped by Justin Pogge with a rebound.
4:43 of 1st period - Willie Mitchell is hit by Cameron Schilling and loses puck.
6:06 of 1st period - Jonas Junland is hit by Marco Sturm and loses puck.
6:19 of 1st period - Cody Bass is hit by Chris Terry and loses puck.
7:35 of 1st period - Pierre Dagenais is hit by Milan Bartovic and loses puck.
7:48 of 1st period - Greg Stewart is hit by Matt Gilroy and loses puck.
8:16 of 1st period - Pierre Dagenais is hit by Chris Neil and loses puck.
8:29 of 1st period - Snap shot by Dan Fritsche.
8:29 of 1st period - Shot Blocked by Marco Sturm.
8:31 of 1st period - Slapshot by Nate Guenin.
8:31 of 1st period - Shot Misses the Net.
8:33 of 1st period - Snap shot by Dan Fritsche.
8:33 of 1st period - Shot Blocked by Pierre Dagenais.
8:51 of 1st period - Evgeny Artyukhin is hit by Chris Neil and loses puck.
9:13 of 1st period - Slapshot by Ivan Majesky.
9:13 of 1st period - Shot Misses the Net.
9:15 of 1st period - Backhand shot by T.J. Oshie.
9:15 of 1st period - Shot Blocked by Dan Fritsche.
9:15 of 1st period - Dan Fritsche from Wolves is injured at 9:15 of 1st period (Left Foot).
9:16 of 1st period - Mike Zigomanis wins face-off versus Patrick O'Sullivan in Wolves zone.
9:16 of 1st period - Mike Zigomanis is hit by Boris Valabik.
9:31 of 1st period - Off-side.
9:32 of 1st period - Rich Peverley wins face-off versus Darren Helm in neutral zone.
9:43 of 1st period - Slapshot by Milan Bartovic.
9:43 of 1st period - Deflect By Pierre Dagenais.
9:43 of 1st period - Shot Misses the Net.
9:43 of 1st period - Puck is out of play.
9:44 of 1st period - Patrick O'Sullivan wins face-off versus Mike Zigomanis in Little Stars zone.
9:46 of 1st period - Minor Penalty to Evgeny Artyukhin for Holding.
9:47 of 1st period - Rich Peverley wins face-off versus Oskar Osala in Little Stars zone.
9:51 of 1st period - Snap shot by Alexander Perezhogin.
9:51 of 1st period - Shot Misses the Net.
11:39 of 1st period - Matt Gilroy is hit by Jared Spurgeon and loses puck.
11:43 of 1st period - Icing by Matt Gilroy.
11:44 of 1st period - Mike Zigomanis wins face-off versus Oskar Osala in Wolves zone.
11:46 of 1st period - Penalty to Evgeny Artyukhin is over, Evgeny Artyukhin is back on ice.
12:21 of 1st period - Snap shot by Pierre Dagenais.
12:21 of 1st period - Shot Hit the Post.
12:23 of 1st period - Snap shot by Pierre Dagenais.
12:23 of 1st period - Shot Misses the Net.
12:25 of 1st period - Snap shot by Marco Sturm.
12:25 of 1st period - Stopped by Jamie Storr with a rebound.
12:35 of 1st period - Jonas Junland is hit by Evgeny Artyukhin and loses puck.
13:14 of 1st period - Ivan Majesky is hit by Jonas Junland and loses puck.
14:12 of 1st period - Wrist shot by Oskar Osala.
14:12 of 1st period - Stopped by Jamie Storr with a rebound.
14:14 of 1st period - Wrist shot by Oskar Osala.
14:14 of 1st period - Shot Blocked by Willie Mitchell.
14:16 of 1st period - Snap shot by Hugh Jessiman.
14:16 of 1st period - Stopped by Jamie Storr with a rebound.
14:18 of 1st period - Slapshot by Ivan Majesky.
14:18 of 1st period - Deflect By Oskar Osala.
14:18 of 1st period - Stopped by Jamie Storr with a rebound.
14:36 of 1st period - Slapshot by Pierre Dagenais.
14:36 of 1st period - Shot Misses the Net.
14:38 of 1st period - Snap shot by Marco Sturm.
14:38 of 1st period - Stopped by Jamie Storr with a rebound.
14:40 of 1st period - Snap shot by Marco Sturm.
14:40 of 1st period - Shot Blocked by Willie Mitchell.
15:31 of 1st period - Rich Peverley is hit by Patrick O'Sullivan and loses puck.
15:59 of 1st period - Tim Crowder is hit by Tyler Haskins and loses puck.
16:12 of 1st period - Jonas Junland is hit by Matt Pelech and loses puck.
17:17 of 1st period - Marc Methot is hit by Matt Pelech.
17:39 of 1st period - Wrist shot by Evgeny Artyukhin.
17:39 of 1st period - Stopped by Jamie Storr with a rebound.
17:42 of 1st period - Icing by Milan Bartovic.
17:43 of 1st period - Petr Kalus wins face-off versus Patrick O'Sullivan in Wolves zone.
18:18 of 1st period - Wrist shot by Tim Crowder.
18:18 of 1st period - Stopped by Justin Pogge with a rebound.
18:20 of 1st period - Slapshot by Jonas Junland.
18:20 of 1st period - Stopped by Justin Pogge with a rebound.
18:32 of 1st period - Marc Methot is hit by Oskar Osala and loses puck.
18:39 of 1st period - Slapshot by Ivan Majesky.
18:39 of 1st period - Shot Misses the Net.
18:41 of 1st period - Wrist shot by Oskar Osala.
18:41 of 1st period - Shot Misses the Net.
18:43 of 1st period - Slapshot by Ivan Majesky.
18:43 of 1st period - Deflect By Jonas Junland.
18:43 of 1st period - Stopped by Jamie Storr without a rebound.
18:44 of 1st period - Patrick O'Sullivan wins face-off versus Mike Zigomanis in Wolves zone.
18:48 of 1st period - Icing by Nate Guenin.
18:49 of 1st period - Chris Neil wins face-off versus Patrick O'Sullivan in Wolves zone.
19:23 of 1st period - Snap shot by Patrick O'Sullivan.
19:23 of 1st period - Shot Misses the Net.
19:29 of 1st period - Wrist shot by Evgeny Artyukhin.
19:29 of 1st period - Shot Misses the Net.
19:31 of 1st period - Wrist shot by Patrick O'Sullivan.
19:31 of 1st period - Shot Misses the Net.
19:33 of 1st period - Snap shot by Patrick O'Sullivan.
19:33 of 1st period - Stopped by Jamie Storr with a rebound.
19:35 of 1st period - Slapshot by Jared Spurgeon.
19:35 of 1st period - Stopped by Jamie Storr without a rebound.
19:36 of 1st period - Hunter Tremblay wins face-off versus Darren Helm in Wolves zone.
19:36 of 1st period - Hunter Tremblay is hit by Marco Sturm.
19:56 of 1st period - Snap shot by Petr Kalus.
19:56 of 1st period - Stopped by Justin Pogge with a rebound.
Goals for this period are 0 for Little Stars vs 0 for Wolves.
Shots for this period are 9 for Little Stars vs 5 for Wolves.
2nd period
0:01 of 2nd period - Greg Stewart wins face-off versus Mike Zigomanis in neutral zone.
0:08 of 2nd period - Wrist shot by Evgeny Artyukhin.
0:08 of 2nd period - Deflect By Patrick O'Sullivan.
0:08 of 2nd period - Shot Misses the Net.
0:08 of 2nd period - Puck is out of play.
0:09 of 2nd period - Mike Zigomanis wins face-off versus Patrick O'Sullivan in Wolves zone.
0:44 of 2nd period - Wrist shot by Evgeny Artyukhin.
0:44 of 2nd period - Stopped by Jamie Storr with a rebound.
0:46 of 2nd period - Slapshot by Ivan Majesky.
0:46 of 2nd period - Deflect By Patrick O'Sullivan.
0:46 of 2nd period - Stopped by Jamie Storr without a rebound.
0:47 of 2nd period - Rich Peverley wins face-off versus Darren Helm in Wolves zone.
0:52 of 2nd period - Slapshot by Jonas Junland.
0:52 of 2nd period - Stopped by Justin Pogge with a rebound.
0:54 of 2nd period - Slapshot by Alexander Perezhogin.
0:54 of 2nd period - Shot Blocked by Marco Sturm.
0:56 of 2nd period - Snap shot by Alexander Perezhogin.
0:56 of 2nd period - Stopped by Justin Pogge without a rebound.
0:57 of 2nd period - Rich Peverley wins face-off versus Darren Helm in Little Stars zone.
1:02 of 2nd period - Slapshot by Alexander Perezhogin.
1:02 of 2nd period - Shot Misses the Net.
1:04 of 2nd period - Wrist shot by Marc Methot.
1:04 of 2nd period - Shot Misses the Net.
1:06 of 2nd period - Wrist shot by Alexander Perezhogin.
1:06 of 2nd period - Shot Misses the Net.
1:10 of 2nd period - Snap shot by Rich Peverley.
1:10 of 2nd period - Stopped by Justin Pogge with a rebound.
1:12 of 2nd period - Slapshot by Alexander Perezhogin.
1:12 of 2nd period - Stopped by Justin Pogge without a rebound.
1:13 of 2nd period - Mike Zigomanis wins face-off versus Patrick O'Sullivan in Little Stars zone.
1:24 of 2nd period - Wrist shot by Mike Zigomanis.
1:24 of 2nd period - Goal by Mike Zigomanis - Little Stars : 0 - Wolves : 1.
1:25 of 2nd period - Mike Zigomanis wins face-off versus Patrick O'Sullivan in neutral zone.
1:34 of 2nd period - Slapshot by Cody McLeod.
1:34 of 2nd period - Goal by Cody McLeod - Little Stars : 0 - Wolves : 2.
1:35 of 2nd period - Patrick O'Sullivan wins face-off versus Mike Zigomanis in neutral zone.
1:38 of 2nd period - Mike Zigomanis is hit by Ivan Majesky and loses puck.
1:47 of 2nd period - Wrist shot by Cody McLeod.
1:47 of 2nd period - Stopped by Justin Pogge with a rebound.
1:49 of 2nd period - Slapshot by Nate Guenin.
1:49 of 2nd period - Stopped by Justin Pogge without a rebound.
1:50 of 2nd period - Darren Helm wins face-off versus Rich Peverley in Little Stars zone.
1:50 of 2nd period - Darren Helm is hit by Nate Guenin.
1:56 of 2nd period - Alexander Perezhogin is hit by Marco Sturm and loses puck.
2:48 of 2nd period - Icing by Jonas Junland.
2:49 of 2nd period - Tyler Haskins wins face-off versus Mike Zigomanis in Wolves zone.
2:58 of 2nd period - Oskar Osala is hit by Milan Bartovic and loses puck.
3:13 of 2nd period - Wrist shot by Petr Kalus.
3:13 of 2nd period - Shot Misses the Net.
3:15 of 2nd period - Snap shot by Nate Guenin.
3:15 of 2nd period - Shot Blocked by Oskar Osala.
3:17 of 2nd period - Slapshot by Hunter Tremblay.
3:17 of 2nd period - Shot Misses the Net.
3:19 of 2nd period - Slapshot by Willie Mitchell.
3:19 of 2nd period - Deflect By Tim Crowder.
3:19 of 2nd period - Stopped by Justin Pogge with a rebound.
3:21 of 2nd period - Wrist shot by Tim Crowder.
3:21 of 2nd period - Stopped by Justin Pogge with a rebound.
4:24 of 2nd period - Wrist shot by Evgeny Artyukhin.
4:24 of 2nd period - Stopped by Jamie Storr with a rebound.
4:56 of 2nd period - Matt Gilroy is hit by Ivan Majesky and loses puck.
6:22 of 2nd period - Wrist shot by Greg Stewart.
6:22 of 2nd period - Deflect By Patrick O'Sullivan.
6:22 of 2nd period - Stopped by Jamie Storr with a rebound.
7:04 of 2nd period - Icing by Oskar Osala.
7:05 of 2nd period - Mike Zigomanis wins face-off versus Patrick O'Sullivan in Little Stars zone.
7:12 of 2nd period - Wrist shot by Milan Bartovic.
7:12 of 2nd period - Stopped by Justin Pogge without a rebound.
7:13 of 2nd period - Patrick O'Sullivan wins face-off versus Rich Peverley in Little Stars zone.
7:20 of 2nd period - Evgeny Artyukhin is hit by Matt Gilroy and loses puck.
7:25 of 2nd period - Snap shot by Rich Peverley.
7:25 of 2nd period - Shot Misses the Net.
7:27 of 2nd period - Slapshot by Bruno Gervais.
7:27 of 2nd period - Shot Blocked by Jared Spurgeon.
7:39 of 2nd period - Jared Spurgeon is hit by Bruno Gervais and loses puck.
8:38 of 2nd period - Slapshot by Evgeny Artyukhin.
8:38 of 2nd period - Shot Blocked by Willie Mitchell.
8:58 of 2nd period - Snap shot by Rich Peverley.
8:58 of 2nd period - Shot Blocked by Darren Helm.
9:00 of 2nd period - Snap shot by Rich Peverley.
9:00 of 2nd period - Stopped by Justin Pogge with a rebound.
9:02 of 2nd period - Snap shot by Rich Peverley.
9:02 of 2nd period - Stopped by Justin Pogge with a rebound.
9:20 of 2nd period - Slapshot by Matt Gilroy.
9:20 of 2nd period - Shot Blocked by Boris Valabik.
9:52 of 2nd period - Evgeny Artyukhin is hit by Jonas Junland and loses puck.
10:29 of 2nd period - Snap shot by Greg Stewart.
10:29 of 2nd period - Shot Blocked by Marc Methot.
10:31 of 2nd period - Slapshot by Greg Stewart.
10:31 of 2nd period - Stopped by Jamie Storr with a rebound.
10:33 of 2nd period - Snap shot by Evgeny Artyukhin.
10:33 of 2nd period - Shot Misses the Net.
10:35 of 2nd period - Slapshot by Boris Valabik.
10:35 of 2nd period - Stopped by Jamie Storr without a rebound.
10:36 of 2nd period - Darren Helm wins face-off versus Mike Zigomanis in Wolves zone.
11:06 of 2nd period - Slapshot by Boris Valabik.
11:06 of 2nd period - Shot Misses the Net.
11:08 of 2nd period - Backhand shot by T.J. Oshie.
11:08 of 2nd period - Goal by T.J. Oshie - Little Stars : 1 - Wolves : 2.
11:09 of 2nd period - Greg Stewart wins face-off versus Mike Zigomanis in neutral zone.
11:18 of 2nd period - Slapshot by Evgeny Artyukhin.
11:18 of 2nd period - Deflect By Patrick O'Sullivan.
11:18 of 2nd period - Stopped by Jamie Storr without a rebound.
11:19 of 2nd period - Mike Zigomanis wins face-off versus Patrick O'Sullivan in Wolves zone.
11:32 of 2nd period - Snap shot by Cody McLeod.
11:32 of 2nd period - Shot Misses the Net.
11:46 of 2nd period - Snap shot by Patrick O'Sullivan.
11:46 of 2nd period - Stopped by Jamie Storr with a rebound.
12:13 of 2nd period - Slapshot by Cody McLeod.
12:13 of 2nd period - Stopped by Justin Pogge with a rebound.
12:15 of 2nd period - Slapshot by Cody McLeod.
12:15 of 2nd period - Goal by Cody McLeod - Little Stars : 1 - Wolves : 3.
12:16 of 2nd period - Darren Helm wins face-off versus Rich Peverley in neutral zone.
12:36 of 2nd period - Boris Valabik is hit by Bruno Gervais and loses puck.
12:43 of 2nd period - Logan MacMillan is hit by Ivan Majesky and loses puck.
12:52 of 2nd period - Wrist shot by Darren Helm.
12:52 of 2nd period - Stopped by Jamie Storr without a rebound.
12:53 of 2nd period - Mike Zigomanis wins face-off versus Patrick O'Sullivan in Wolves zone.
13:00 of 2nd period - Slapshot by Cody McLeod.
13:00 of 2nd period - Shot Misses the Net.
13:02 of 2nd period - Snap shot by Mike Zigomanis.
13:02 of 2nd period - Shot Misses the Net.
13:04 of 2nd period - Slapshot by Nate Guenin.
13:04 of 2nd period - Stopped by Justin Pogge with a rebound.
13:18 of 2nd period - Greg Stewart is hit by Nate Guenin and loses puck.
13:45 of 2nd period - Snap shot by Evgeny Artyukhin.
13:45 of 2nd period - Shot Blocked by Milan Bartovic.
13:49 of 2nd period - Wrist shot by Greg Stewart.
13:49 of 2nd period - Stopped by Jamie Storr without a rebound.
13:50 of 2nd period - Darren Helm wins face-off versus Mike Zigomanis in Wolves zone.
13:59 of 2nd period - Snap shot by Pierre Dagenais.
13:59 of 2nd period - Stopped by Jamie Storr with a rebound.
14:01 of 2nd period - Minor Penalty to Chris Neil for Tripping.
14:02 of 2nd period - Mike Zigomanis wins face-off versus Darren Helm in Wolves zone.
16:01 of 2nd period - Penalty to Chris Neil is over, Chris Neil is back on ice.
16:02 of 2nd period - Icing by Logan MacMillan.
16:03 of 2nd period - Darren Helm wins face-off versus Logan MacMillan in Wolves zone.
16:12 of 2nd period - Wrist shot by Cody Bass.
16:12 of 2nd period - Goal by Cody Bass - Little Stars : 2 - Wolves : 3.
16:13 of 2nd period - Mike Zigomanis wins face-off versus Patrick O'Sullivan in neutral zone.
16:52 of 2nd period - Pierre Dagenais is hit by Logan MacMillan and loses puck.
17:41 of 2nd period - Wrist shot by Oskar Osala.
17:41 of 2nd period - Stopped by Jamie Storr with a rebound.
18:03 of 2nd period - Snap shot by T.J. Oshie.
18:03 of 2nd period - Stopped by Jamie Storr with a rebound.
18:05 of 2nd period - Snap shot by Cameron Schilling.
18:05 of 2nd period - Stopped by Jamie Storr with a rebound.
18:21 of 2nd period - Cody McLeod is hit by Cameron Schilling and loses puck.
19:25 of 2nd period - Slapshot by T.J. Oshie.
19:25 of 2nd period - Shot Misses the Net.
19:27 of 2nd period - Wrist shot by Cody Bass.
19:27 of 2nd period - Stopped by Jamie Storr without a rebound.
19:28 of 2nd period - Petr Kalus wins face-off versus Patrick O'Sullivan in Wolves zone.
19:28 of 2nd period - Petr Kalus is hit by Patrick O'Sullivan.
Goals for this period are 2 for Little Stars vs 3 for Wolves.
Shots for this period are 17 for Little Stars vs 16 for Wolves.
3rd period
0:01 of 3rd period - Mike Zigomanis wins face-off versus Patrick O'Sullivan in neutral zone.
0:28 of 3rd period - Marco Sturm is hit by Alexander Perezhogin and loses puck.
0:48 of 3rd period - Minor Penalty to T.J. Oshie for Interference.
0:49 of 3rd period - Evgeny Artyukhin wins face-off versus Rich Peverley in Little Stars zone.
1:11 of 3rd period - Icing by Cody McLeod.
1:12 of 3rd period - Mike Zigomanis wins face-off versus Evgeny Artyukhin in Wolves zone.
2:33 of 3rd period - Jared Spurgeon is hit by Mike Zigomanis and loses puck.
2:48 of 3rd period - Penalty to T.J. Oshie is over, T.J. Oshie is back on ice.
2:55 of 3rd period - Jared Spurgeon is hit by Milan Bartovic and loses puck.
3:17 of 3rd period - Minor Penalty to Chris Terry for Hooking.
3:18 of 3rd period - Darren Helm wins face-off versus Mike Zigomanis in Wolves zone.
3:18 of 3rd period - Slapshot by Pierre Dagenais.
3:18 of 3rd period - Goal by Pierre Dagenais - Little Stars : 3 - Wolves : 3.
3:19 of 3rd period - Mike Zigomanis wins face-off versus Patrick O'Sullivan in neutral zone.
3:28 of 3rd period - Snap shot by Cody McLeod.
3:28 of 3rd period - Stopped by Justin Pogge with a rebound.
3:46 of 3rd period - Wrist shot by Rich Peverley.
3:46 of 3rd period - Shot Misses the Net.
3:48 of 3rd period - Snap shot by Logan MacMillan.
3:48 of 3rd period - Stopped by Justin Pogge with a rebound.
3:50 of 3rd period - Slapshot by Bruno Gervais.
3:50 of 3rd period - Shot Blocked by Darren Helm.
3:52 of 3rd period - Slapshot by Bruno Gervais.
3:52 of 3rd period - Shot Misses the Net.
3:54 of 3rd period - Snap shot by Logan MacMillan.
3:54 of 3rd period - Shot Misses the Net.
4:51 of 3rd period - Wrist shot by Greg Stewart.
4:51 of 3rd period - Stopped by Jamie Storr with a rebound.
4:53 of 3rd period - Snap shot by Evgeny Artyukhin.
4:53 of 3rd period - Little Stars goal is going for a video replay.
4:53 of 3rd period - The goal is good.
4:53 of 3rd period - Goal by Evgeny Artyukhin - Little Stars : 4 - Wolves : 3.
4:54 of 3rd period - Mike Zigomanis wins face-off versus Patrick O'Sullivan in neutral zone.
5:46 of 3rd period - Wrist shot by Matt Gilroy.
5:46 of 3rd period - Stopped by Justin Pogge without a rebound.
5:47 of 3rd period - Rich Peverley wins face-off versus Darren Helm in Little Stars zone.
5:52 of 3rd period - Snap shot by Alexander Perezhogin.
5:52 of 3rd period - Shot Misses the Net.
5:54 of 3rd period - Wrist shot by Rich Peverley.
5:54 of 3rd period - Stopped by Justin Pogge without a rebound.
5:55 of 3rd period - Rich Peverley wins face-off versus Patrick O'Sullivan in Little Stars zone.
6:23 of 3rd period - Jared Spurgeon is hit by Bruno Gervais and loses puck.
6:40 of 3rd period - Slapshot by Shawn Thornton.
6:40 of 3rd period - Shot Misses the Net.
6:42 of 3rd period - Wrist shot by Shawn Thornton.
6:42 of 3rd period - Shot Misses the Net.
6:51 of 3rd period - Minor Penalty to Hunter Tremblay for Roughing.
6:52 of 3rd period - Mike Zigomanis wins face-off versus Patrick O'Sullivan in Wolves zone.
7:41 of 3rd period - Matt Gilroy is hit by Marco Sturm and loses puck.
7:42 of 3rd period - Matt Gilroy from Wolves is injured at 7:42 of 3rd period (Right Leg).
7:43 of 3rd period - Mike Zigomanis wins face-off versus Patrick O'Sullivan in Wolves zone.
7:43 of 3rd period - Mike Zigomanis is hit by Patrick O'Sullivan.
8:51 of 3rd period - Penalty to Hunter Tremblay is over, Hunter Tremblay is back on ice.
9:50 of 3rd period - Snap shot by Alexander Perezhogin.
9:50 of 3rd period - Shot Misses the Net.
10:00 of 3rd period - Minor Penalty to Pierre Dagenais for Slashing.
10:01 of 3rd period - Mike Zigomanis wins face-off versus Greg Stewart in Little Stars zone.
10:14 of 3rd period - Wrist shot by Mike Zigomanis.
10:14 of 3rd period - Goal by Mike Zigomanis - Little Stars : 4 - Wolves : 4.
10:15 of 3rd period - Cody McLeod wins face-off versus Patrick O'Sullivan in neutral zone.
10:17 of 3rd period - Off-side.
10:18 of 3rd period - Mike Zigomanis wins face-off versus Patrick O'Sullivan in neutral zone.
10:22 of 3rd period - Minor Penalty to Patrick O'Sullivan for Interference.
10:23 of 3rd period - Evgeny Artyukhin wins face-off versus Rich Peverley in Little Stars zone.
10:32 of 3rd period - Slapshot by Alexander Perezhogin.
10:32 of 3rd period - Shot Blocked by Evgeny Artyukhin.
10:50 of 3rd period - Boris Valabik is hit by Chris Neil.
12:22 of 3rd period - Penalty to Patrick O'Sullivan is over, Patrick O'Sullivan is back on ice.
12:43 of 3rd period - Slapshot by Nate Guenin.
12:43 of 3rd period - Stopped by Justin Pogge with a rebound.
12:59 of 3rd period - Petr Kalus is hit by Cameron Schilling and loses puck.
13:16 of 3rd period - Wrist shot by Tyler Haskins.
13:16 of 3rd period - Shot Misses the Net.
13:18 of 3rd period - Slapshot by Hugh Jessiman.
13:18 of 3rd period - Stopped by Jamie Storr with a rebound.
13:20 of 3rd period - Wrist shot by Jonathan Blum.
13:20 of 3rd period - Stopped by Jamie Storr without a rebound.
13:21 of 3rd period - Tyler Haskins wins face-off versus Rich Peverley in Wolves zone.
13:38 of 3rd period - Wrist shot by Oskar Osala.
13:38 of 3rd period - Stopped by Jamie Storr without a rebound.
13:39 of 3rd period - Darren Helm wins face-off versus Mike Zigomanis in Wolves zone.
13:43 of 3rd period - Minor Penalty to Nate Guenin for High sticking.
13:44 of 3rd period - Mike Zigomanis wins face-off versus Patrick O'Sullivan in Wolves zone.
13:52 of 3rd period - Wrist shot by Greg Stewart.
13:52 of 3rd period - Stopped by Jamie Storr without a rebound.
13:53 of 3rd period - Mike Zigomanis wins face-off versus Patrick O'Sullivan in Wolves zone.
14:26 of 3rd period - Wrist shot by Greg Stewart.
14:26 of 3rd period - Shot Misses the Net.
14:28 of 3rd period - Slapshot by Ivan Majesky.
14:28 of 3rd period - Shot Misses the Net.
14:30 of 3rd period - Slapshot by Boris Valabik.
14:30 of 3rd period - Stopped by Jamie Storr without a rebound.
14:31 of 3rd period - Milan Bartovic wins face-off versus Darren Helm in Wolves zone.
14:42 of 3rd period - Slapshot by Cameron Schilling.
14:42 of 3rd period - Shot Misses the Net.
15:43 of 3rd period - Penalty to Nate Guenin is over, Nate Guenin is back on ice.
15:59 of 3rd period - Shawn Thornton is hit by Rich Peverley and loses puck.
16:29 of 3rd period - Icing by Ivan Majesky.
16:30 of 3rd period - Cody McLeod wins face-off versus Darren Helm in Little Stars zone.
16:45 of 3rd period - T.J. Oshie is hit by Nate Guenin and loses puck.
17:00 of 3rd period - Ivan Majesky is hit by Petr Kalus and loses puck.
17:09 of 3rd period - Wrist shot by Greg Stewart.
17:09 of 3rd period - Stopped by Jamie Storr with a rebound.
17:26 of 3rd period - Wrist shot by Jonathan Blum.
17:26 of 3rd period - Shot Misses the Net.
18:14 of 3rd period - Evgeny Artyukhin is hit by Mike Zigomanis and loses puck.
18:40 of 3rd period - Alexander Perezhogin is hit by Evgeny Artyukhin and loses puck.
19:03 of 3rd period - Ivan Majesky is hit by Nate Guenin and loses puck.
19:37 of 3rd period - Wrist shot by Shawn Thornton.
19:37 of 3rd period - Shot Misses the Net.
Goals for this period are 2 for Little Stars vs 1 for Wolves.
Shots for this period are 9 for Little Stars vs 6 for Wolves.
Overtime #1
0:01 of 1st overtime period - Evgeny Artyukhin wins face-off versus Rich Peverley in neutral zone.
0:25 of 1st overtime period - Bruno Gervais is hit by Evgeny Artyukhin and loses puck.
0:52 of 1st overtime period - Snap shot by Patrick O'Sullivan.
0:52 of 1st overtime period - Shot Misses the Net.
1:18 of 1st overtime period - Snap shot by T.J. Oshie.
1:18 of 1st overtime period - Stopped by Jamie Storr without a rebound.
1:19 of 1st overtime period - T.J. Oshie wins face-off versus Alexander Perezhogin in Wolves zone.
1:26 of 1st overtime period - Snap shot by T.J. Oshie.
1:26 of 1st overtime period - Stopped by Jamie Storr with a rebound.
1:28 of 1st overtime period - Snap shot by Shawn Thornton.
1:28 of 1st overtime period - Shot Misses the Net.
1:30 of 1st overtime period - Snap shot by T.J. Oshie.
1:30 of 1st overtime period - Stopped by Jamie Storr with a rebound.
1:32 of 1st overtime period - Slapshot by Jared Spurgeon.
1:32 of 1st overtime period - Stopped by Jamie Storr without a rebound.
1:33 of 1st overtime period - Evgeny Artyukhin wins face-off versus Rich Peverley in Wolves zone.
1:38 of 1st overtime period - Snap shot by Evgeny Artyukhin.
1:38 of 1st overtime period - Stopped by Jamie Storr with a rebound.
1:51 of 1st overtime period - Off-side.
1:52 of 1st overtime period - Evgeny Artyukhin wins face-off versus Mike Zigomanis in neutral zone.
1:57 of 1st overtime period - Snap shot by Greg Stewart.
1:57 of 1st overtime period - Goal by Greg Stewart - Little Stars : 5 - Wolves : 4.
Goals for this period are 1 for Little Stars vs 0 for Wolves.
Shots for this period are 6 for Little Stars vs 0 for Wolves.
Output by the SimonT Hockey Simulator (STHS) for François Prévost -- Original Page W3C XHTML 1.0 Valid